AoeStats
← LC Ruben9

Black Forest

505913183Analyzed
4v4 RM · 22d ago on Sep 11, 2026· 47m 29s· 8 players
Game mode
Random Map
Map size
Large (8 player)
Population
200
Speed
Normal
Resources
Standard
Victory
Conquest
Starting age
Dark Age
Ending age
Imperial Age
RankedLock teamsTeams togetherTeam positionsShared explorationLock speedFull tech treeHidden civsTurbo modeCheats
Victory
Defeat
🇪🇸 Malay · Spain
1128
+12
🇪🇸 Franks · Spain
1078
+14
🇪🇸 Inca · Spain
1062
+15
🇪🇸 Burgundians · Spain
1027
+17
🇹🇼 Gurjaras · Taiwan
1061
-15
🇹🇼 Persians · Taiwan
1050
-15
🇹🇼 Britons · Taiwan
1048
-15
🇹🇼 Koreans · Taiwan
1009
-13
mzk_TsushimaRiko
10:53 Feudal Age
15:29 Castle Age
13:22 Double-Bit Axe
13:21 Horse Collar
16:21 Bow Saw
16:47 Wheelbarrow
21:12 Loom
24:29 Gold Mining
24:29 Stone Mining
24:49 Caravan
27:03 Hand Cart
26:34 Town Watch
28:22 Coinage
31:32 Imperial Age
29:11 Scale Barding Armor
29:17 Forging
30:16 Bloodlines
30:07 Husbandry
30:32 Chain Barding Armor
30:10 Light Cavalry
31:42 Iron Casting
31:23 Kamandaran
31:17 Cavalier
31:21 Heavy Camel Rider
32:55 Conscription
35:47 Savar
37:35 Hussar
38:05 Crossbowman
38:50 Thumb Ring
38:07 Elite Skirmisher
39:37 Plate Barding Armor
40:01 Fletching
40:11 Padded Archer Armor
40:45 Bodkin Arrow
41:26 Heavy Scorpion
45:10 Blast Furnace
45:35 Heavy Plow
46:39 Two-Man Saw
Artimus
0:45 Loom
12:28 Feudal Age
19:51 Castle Age
18:02 Double-Bit Axe
18:39 Horse Collar
21:48 Heavy Plow
45:11 Imperial Age
42:45 Murder Holes
43:08 Fortified Wall
46:13 Wheelbarrow
47:03 Siege Engineers
46:25 Heavy Rocket Cart
47:32 Hand Cart
47:03 Town Watch
danny83627danny83627
1:11 Loom
12:45 Feudal Age
14:23 Double-Bit Axe
16:47 Castle Age
18:21 Bow Saw
18:35 Horse Collar
24:55 Husbandry
41:13 Imperial Age
40:04 Heavy Plow
42:56 Chemistry
42:18 Ballistics
41:29 Elite Shrivamsha Rider
41:30 Heavy Camel Rider
42:26 Scale Barding Armor
43:33 Kshatriyas
44:09 Conscription
44:02 Bloodlines
John9487
0:27 Loom
12:17 Feudal Age
16:28 Castle Age
15:33 Horse Collar
16:05 Double-Bit Axe
18:46 Bow Saw
24:06 Heavy Plow
25:55 Wheelbarrow
25:25 Gold Mining
27:28 Stone Mining
28:17 Gold Shaft Mining
32:35 Imperial Age
30:06 Fletching
30:17 Padded Archer Armor
30:19 Scale Mail Armor
30:29 Forging
30:50 Pikeman
31:54 Squires
32:12 Bodkin Arrow
32:42 Halberdier
38:31 Yeomen
38:39 Chain Mail Armor
42:12 Yeomen
LC Ruben9
0:28 Loom
13:03 Feudal Age
18:42 Castle Age
16:46 Double-Bit Axe
16:42 Horse Collar
16:54 Gold Mining
18:53 Wheelbarrow
18:05 Town Watch
24:08 Bow Saw
24:29 Heavy Plow
27:40 Gold Shaft Mining
27:33 Hand Cart
27:01 Champi Runner
28:31 Ballistics
29:35 Forging
29:26 Scale Mail Armor
28:56 Champi Warrior
29:38 Squires
29:24 Arson
33:40 Imperial Age
32:31 Stone Mining
33:25 Iron Casting
33:06 Chain Mail Armor
33:26 Caravan
33:50 Elite Champi Warrior
35:18 Crop Rotation
35:22 Conscription
37:15 Blast Furnace
36:46 Plate Mail Armor
37:14 Elite Kamayuk
38:58 Fabric Shields
41:56 Guilds
Tarifa2647
0:46 Loom
13:25 Feudal Age
18:50 Castle Age
28:31 Scale Barding Armor
28:46 Forging
30:02 Pikeman
30:28 Gambesons
30:45 Squires
32:34 Wheelbarrow
32:34 Scale Mail Armor
34:36 Husbandry
37:35 #83
38:30 Fortified Wall
41:34 Imperial Age
40:12 Chain Mail Armor
40:33 Iron Casting
40:19 Chain Barding Armor
39:50 Fletching
40:01 Padded Archer Armor
41:25 Hand Cart
40:57 Town Watch
41:40 Ballistics
41:21 Murder Holes
41:19 Double-Bit Axe
43:15 Hoardings
43:03 Conscription
42:46 Cavalier
45:16 Chemistry
43:56 Halberdier
45:37 Plate Mail Armor
46:08 Blast Furnace
46:27 Plate Barding Armor
HVD Uplift9
12:38 Feudal Age
16:04 Castle Age
15:42 Double-Bit Axe
21:22 Horse Collar
29:15 Forging
31:56 Iron Casting
31:26 Heavy Plow
31:39 Bow Saw
31:41 Squires
38:18 Imperial Age
36:00 Fletching
36:11 Padded Archer Armor
37:12 Crossbowman
37:59 Thumb Ring
38:18 Ballistics
38:59 Chemistry
38:53 Loom
39:45 Wheelbarrow
39:13 Arbalester
40:35 Bodkin Arrow
41:52 Bracer
43:43 Leather Archer Armor
45:08 Ring Archer Armor
45:41 Caravan
LC Rawzixx
1:24 Loom
13:23 Feudal Age
12:12 Double-Bit Axe
12:12 Horse Collar
18:38 Castle Age
17:40 Bow Saw
17:33 Heavy Plow
17:44 Gold Mining
17:48 Stone Mining
21:44 Wheelbarrow
22:42 Hand Cart
24:00 Two-Man Saw
26:01 Gold Shaft Mining
26:05 Stone Shaft Mining
26:41 Burgundian Vineyards
27:10 Husbandry
27:41 Forging
27:39 Scale Barding Armor
27:25 Cavalier
29:41 Murder Holes
30:08 Ballistics
31:34 Iron Casting
31:20 Chain Barding Armor
35:07 Imperial Age
35:55 Padded Archer Armor
37:00 Chemistry
37:32 Leather Archer Armor
39:53 Guilds
Connection lost

Rejoining the realm…

Still unreachable

The connection could not be restored.

Session expired

The server has moved on; the page needs a fresh start.